 Dungeon Sprint DCSS version 0.21-a0-241-g2cbab09 (webtiles) character file.

2818 terra52 the Imperceptible (level 9, -6/62 HPs)
             Began as an Octopode Assassin on Sept 3, 2017.
             Was a Priest of Cheibriados.
             Mangled by an unseen horror (11 damage)
             ... in the Dungeon (Sprint I: "Red Sonja").
             The game lasted 00:01:49 (176 turns).

terra52 the Imperceptible (Octopode Assassin)        Turns: 176, Time: 00:01:49

Health: -6/62      AC:  1    Str: 21    XL:     9   Next: 72%
Magic:  9/9        EV: 15    Int: 20    God:    Cheibriados [***...]
Gold:   270        SH:  0    Dex: 20    Spells: 8/8 levels left

rFire    . . .     SeeInvis .   a - +2 dagger
rCold    . . .     Gourm    .   (no shield)
rNeg     . . .     Faith    .   (helmet restricted)
rPois    .         Spirit   .   (no amulet)
rElec    .         Reflect  .   (no ring)
rCorr    .         Harm     .   (no ring)
MR       .....     NoTele   +   (no ring)
Stlth    +++++++++.             (no ring)
HPRegen  0.20/turn              (no ring)
MPRegen  0.11/turn              (no ring)
                                (no ring)
                                (no ring)

@: very slow
A: almost no armour, stealthy swim, amphibious, 8 rings, constrict 8, camouflage
1, gelatinous body 1
a: Bend Time, Temporal Distortion, Renounce Religion


You were in the Dungeon.
You worshipped Cheibriados.
Cheibriados was most pleased with you.
You were not hungry.

You visited 1 branch You collected 270 gold pieces.

Inventory:

Hand Weapons
 a - a +2 dagger (weapon)
 b - a +0 blowgun
Missiles
 c - 8 poisoned needles
 d - 2 curare-tipped needles
Wands
 m - a wand of paralysis (18/24)
Scrolls
 k - a scroll of blinking
Potions
 e - a potion of curing
 g - a potion of heal wounds
 h - 2 potions of haste
 i - 2 potions of magic
 j - a potion of berserk rage
Comestibles
 f - a bread ration
 l - 7 chunks of flesh


   Skills:
 + Level 5.7 Fighting
 + Level 6.1 Short Blades
 + Level 4.8 Throwing
 + Level 3.0 Dodging
 * Level 24.5 Stealth


You had 8 spell levels left.
You didn't know any spells.

Dungeon Overview and Level Annotations

Branches:
Dungeon (1/1)

Altars:
Cheibriados
Dithmenos
Elyvilon
Fedhas
Gozag
Hepliaklqana
Kikubaaqudgha
Makhleb
Nemelex Xobeh
Okawaru
Qazlal
Ru
Sif Muna
Trog
Uskayaw
Vehumet
Wu Jian
Xom
Yredelemnul
Zin
The Shining One
Jiyva
Lugonu

Shops:
D :


Innate Abilities, Weirdness & Mutations

You cannot wear most types of armour.
You are very stealthy in the water. (Stealth+)
You are amphibious.
You can wear up to eight rings at the same time.
You can use your tentacles to constrict eight enemies at once.
Your skin changes colour to match your surroundings (Stealth+).
Your rubbery body absorbs attacks. (AC +1, EV +1)


Message History

The helpless redback fails to defend itself.
You skewer the redback like a kebab!!!!!
You kill the redback!
Cheibriados thoroughly appreciates the change of pace.
You can now warp the flow of time around you.
Cheibriados raises the support of your attributes as your movement slows.
You open the door.
There is an open door here.
Deactivating autopickup; reactivate with Ctrl-A.
You hit something but do no damage. Your squeeze misses something.
Something completely misses you. Something closely misses you.
Something hits you! Something hits you. Something completely misses you.
Something hits you. Something hits you! Something hits you. Something hits you!
You hit something but do no damage. Something hits you!
Something hits you but does no damage. Something hits you.
* * * LOW HITPOINT WARNING * * *
Something hits you!
* * * LOW HITPOINT WARNING * * *
You closely miss something. Something hits you!
You die...

..#_____##'#_§§≈≈≈.§§.§#
⌠⌠#_.∩..÷'..._#≈§§.§#§§#
###_..__##_.#'##+#####'###
#_____###+#(# #.'$#
####### ### ###$# #.#
##########$# #.....§§##§#
#{@...§§§'§# #+++######§#
#§# +§#


There were no monsters in sight!

Vanquished Creatures
  2 centaur warriors (D)
  An oklob plant (D)
  A hornet (D)
  A slime creature (D)
  Sigmund (D)
  2 redbacks (D)
  A yak (D)
  An ogre (D)
  A jelly (D)
  Ijyb (D)
12 creatures vanquished.

Notes
Turn   | Place    | Note
-------+----------+-------------------------------------------
     0 | D        | terra52 the Octopode Assassin began the quest for the Orb.
     0 | D        | Reached XP level 1. HP: 14/14 MP: 1/1
     2 | D        | Noticed Ijyb
     6 | D        | Killed Ijyb
     6 | D        | Reached skill level 8 in Stealth
     6 | D        | Reached XP level 2. HP: 17/20 MP: 2/2
     6 | D        | Reached XP level 3. HP: 21/25 MP: 3/3
    47 | D        | Noticed an ogre
    49 | D        | Killed an ogre
    49 | D        | Reached skill level 11 in Stealth
    49 | D        | Reached XP level 4. HP: 31/31 MP: 4/4
    52 | D        | Noticed Sigmund
    54 | D        | Killed Sigmund
    54 | D        | Reached skill level 15 in Stealth
    54 | D        | Reached XP level 5. HP: 37/37 MP: 5/5
    54 | D        | Reached XP level 6. HP: 43/43 MP: 6/6
    67 | D        | Found an ornate altar of the Wu Jian Council.
    67 | D        | Found a deep blue altar of Sif Muna.
    69 | D        | Found a radiant altar of Vehumet.
    75 | D        | Found Koihe's Book Emporium.
    75 | D        | Found an ancient bone altar of Kikubaaqudgha.
    75 | D        | Found a hazy altar of Hepliaklqana.
    75 | D        | Found a stormy altar of Qazlal.
    75 | D        | Found a hide-covered altar of Uskayaw.
    75 | D        | Found a blossoming altar of Fedhas.
    75 | D        | Found a bloodstained altar of Trog.
    75 | D        | Found an iron altar of Okawaru.
    75 | D        | Found a basalt altar of Yredelemnul.
    75 | D        | Found a glowing golden altar of the Shining One.
    75 | D        | Found a snail-covered altar of Cheibriados.
    75 | D        | Found a sacrificial altar of Ru.
    75 | D        | Found a glowing silver altar of Zin.
    75 | D        | Found a shadowy altar of Dithmenos.
    75 | D        | Found a white marble altar of Elyvilon.
    75 | D        | Noticed a yak
    76 | D        | Found an opulent altar of Gozag.
    77 | D        | Killed a yak
    77 | D        | Reached skill level 17 in Stealth
    78 | D        | Found a sparkling altar of Nemelex Xobeh.
    86 | D        | Became a worshipper of Cheibriados the Contemplative
   127 | D        | Found a viscous altar of Jiyva.
   127 | D        | Found a corrupted altar of Lugonu.
   127 | D        | Noticed a slime creature
   128 | D        | Found a burning altar of Makhleb.
   128 | D        | Found a shimmering altar of Xom.
   130 | D        | Killed a slime creature
   130 | D        | Reached skill level 18 in Stealth
   130 | D        | Reached XP level 7. HP: 49/49 MP: 7/7
   137 | D        | Noticed a centaur warrior
   139 | D        | Noticed a centaur warrior
   143 | D        | Killed a centaur warrior
   143 | D        | Reached * piety under Cheibriados
   143 | D        | Reached skill level 5 in Fighting
   143 | D        | Reached skill level 5 in Short Blades
   143 | D        | Reached skill level 21 in Stealth
   143 | D        | Reached XP level 8. HP: 55/55 MP: 8/8
   144 | D        | Killed a centaur warrior
   144 | D        | Reached skill level 22 in Stealth
   144 | D        | Reached XP level 9. HP: 61/61 MP: 9/9
   147 | D        | Noticed a hornet
   150 | D        | Killed a hornet
   150 | D        | Reached ** piety under Cheibriados
   150 | D        | Reached skill level 23 in Stealth
   153 | D        | Noticed an oklob plant
   155 | D        | Killed an oklob plant
   161 | D        | Reached skill level 24 in Stealth
   164 | D        | Reached *** piety under Cheibriados
   176 | D        | Mangled by an unseen horror

Vault maps used:
D:        dungeon_sprint_1

Skill      XL: |  1  2  3  4  5  6  7  8  9 |
---------------+----------------------------+-----
Stealth        | 8 11 15 18 21 22 24 | 24.5
Fighting       | 3 4 5 |  5.7
Short Blades   | 3 4 5 6 |  6.1
Throwing       | 3 4 |  4.8
Dodging        | 2 3 |  3.0

Action                   |  1- 3 |  4- 6 |  7- 9 || total
-------------------------+-------+-------+-------++-------
Melee: Dagger            |     4 |     4 |     9 ||    17
       Constrict         |     1 |       |       ||     1
 Stab: Sleeping          |     2 |     4 |     6 ||    12
Armor: Skin              |       |       |     1 ||     1
Dodge: Dodged            |       |       |     3 ||     3

Table legend:
 A = Spawn XP
 B = Non-spawn XP
 C = Spawn XP percentage of total XP
 D = Spawn monster count
 E = Non-spawn monster count
 F = Spawn count percentage of total count
 G = Total turns spent on level
                    A         B        C        D         E        F      G
               +---------+---------+-------+---------+---------+-------+---------
         Total |       0 |    4027 |   0.0 |       0 |      12 |   0.0 |   176
               +---------+---------+-------+---------+---------+-------+---------
             D |       0 |    4027 |   0.0 |       0 |      12 |   0.0 |   176
               +---------+---------+-------+---------+---------+-------+---------
